Map: Invader LE

Players

Strange

  • Race: Protoss Protoss

EnVyUsPolt (Polt) - Winner!

  • Race: Terran Terran
  • League: Master

Event: DreamHack Open Tours WCS Spring Championship

VOD

Have the link to the VOD?

Description

Time

  • Played on: May 14, 2016, 9:17 a.m.
  • Length: 16:47

All games in this series

Show
View Real Time Build Order
Export as new Build Order

Strange Protoss 

Build Orders: 1 Gate Expand 

Get SALT Encoding   

  12  0:01  Probe (Chrono Boost)  
  13  0:11  Probe (Chrono Boost)  
  14  0:17  Pylon  
  14  0:22  Probe (Chrono Boost)  
  16  0:35  Probe (Chrono Boost)  
  16  0:36  Gateway  
  16  0:41  Assimilator  
  16  0:46  Probe (Chrono Boost)  
  17  0:56  Probe (Chrono Boost)  
  18  1:07  Probe (Chrono Boost)  
  19  1:20  Nexus  
  19  1:31  Cybernetics Core  
  19  1:33  Probe (Chrono Boost)  
  20  1:40  Assimilator  
  20  1:44  Probe (Chrono Boost)  
  21  1:50  Pylon  
  21  1:54  Probe (Chrono Boost)  
  22  2:04  Probe (Chrono Boost)  
  22  2:08  Warp Gate, Adept (Chrono Boost)  
  25  2:16  Mothership Core (Chrono Boost)  
  26  2:35  Robotics Facility  
  26  2:36  Probe (Chrono Boost)  
  28  2:37  Probe (Chrono Boost)  
  28  2:45  Probe (Chrono Boost)  
  28  2:46  Adept (Chrono Boost)  
  28  2:47  Probe  
  32  2:56  Probe  
  33  2:59  Probe  
  34  3:06  Probe  
  34  3:11  Probe  
  38  3:17  Probe (Chrono Boost)  
  39  3:23  Probe (Chrono Boost)  
  39  3:24  Observer  
  39  3:29  Probe (Chrono Boost), Twilight Council, Forge  
  40  3:34  Probe (Chrono Boost)  
  40  3:39  Probe (Chrono Boost)  
  40  3:40  Pylon  
  42  3:45  Probe (Chrono Boost)  
  42  3:48  Probe (Chrono Boost), Warp Prism (Chrono Boost), Protoss Ground Weapons Level 1  
  43  3:55  Pylon  
  46  3:58  Probe  
  47  4:05  Resonating Glaives (Chrono Boost)  
  47  4:14  Gateway  
  47  4:15  Gateway  
  47  4:18  Gateway  
  47  4:27  Gateway  
  47  4:28  Gateway  
  47  4:30  Assimilator  
  47  4:34  Gateway  
  47  4:40  Gateway  
  47  4:45  Pylon  
  47  4:55  Pylon  
  47  5:01  Probe x2  
  49  5:13  Probe  
  50  5:14  Adept x4  
  58  5:31  Protoss Ground Armor Level 1  
  58  5:33  Adept  
  58  5:34  Adept x6  
  72  5:41  Nexus  
  72  5:43  Pylon  
  72  5:59  Adept x3  
  72  6:02  Pylon  
  72  6:03  Adept  
  72  6:04  Pylon  
  80  6:15  Pylon  
  80  6:22  Adept x5  
  68  6:52  Warp Prism  
  64  7:02  Adept x2  
  64  7:03  Adept x6  
  76  7:15  Assimilator  
  76  7:23  Adept x6  
  76  7:24  Adept x2  
  92  7:30  Pylon  
  92  7:33  Dark Shrine  
  92  7:53  Adept x7  
  99  8:28  Adept x2  
  99  8:29  Adept x5  
  81  8:57  Adept x5  
  81  8:58  Adept x3  
  81  8:59  Assimilator  
  72  9:17  Adept x5  
  72  9:18  Adept x2  
  70  9:27  Pylon  
  66  9:54  Dark Templar x2  
  70  10:07  Dark Templar  
  70  10:25  Pylon  
  64  10:48  Stalker x2  
  64  10:49  Stalker x2  
  72  10:51  Stalker  
  74  11:03  Dark Templar  
  56  11:26  Dark Templar  
  15  12:18  Adept x3  
Show
View Real Time Build Order
Export as new Build Order

EnVyUsPolt Terran - Winner!

Build Orders: MMM Bio 

Get SALT Encoding   

  12  0:00  SCV  
  13  0:13  SCV  
  14  0:17  Supply Depot  
  14  0:25  SCV  
  15  0:38  SCV  
  15  0:39  Barracks  
  16  0:51  SCV  
  16  0:53  Supply Depot  
  17  1:03  SCV  
  18  1:15  SCV  
  19  1:25  Command Center  
  19  1:31  Orbital Command  
  19  1:34  Marine  
  20  1:49  Refinery  
  20  1:51  Refinery  
  20  1:52  Marine  
  21  1:57  SCV  
  22  2:09  Barracks  
  22  2:10  SCV, Marine  
  24  2:22  SCV  
  25  2:28  Marine  
  26  2:34  SCV  
  26  2:37  Orbital Command  
  27  2:41  Factory  
  27  2:46  SCV  
  27  2:47  Barracks Reactor  
  28  2:57  Orbital Command  
  28  2:58  SCV  
  29  3:06  Barracks Tech Lab  
  29  3:10  SCV  
  30  3:22  SCV x2  
  30  3:24  Widow Mine  
  30  3:25  Marine x3  
  30  3:26  Stimpack  
  37  3:29  Supply Depot  
  37  3:30  Starport  
  37  3:34  SCV x2  
  39  3:44  Marauder  
  39  3:46  SCV x2, Marine x2  
  45  3:52  Supply Depot  
  45  3:58  SCV x2  
  47  4:06  Marauder, Marine x2  
  47  4:08  Medivac  
  53  4:10  SCV  
  53  4:13  Supply Depot  
  53  4:14  SCV  
  53  4:15  Factory Reactor  
  55  4:18  Engineering Bay  
  55  4:24  SCV  
  55  4:26  SCV  
  57  4:31  Bunker  
  57  4:34  Marauder, Bunker  
  57  4:35  Marine x2  
  61  4:39  SCV x2  
  61  4:43  Liberator  
  61  4:45  Refinery  
  63  4:48  Supply Depot  
  63  4:49  Missile Turret  
  63  4:51  SCV  
  63  4:52  SCV  
  65  4:54  Liberator  
  65  5:04  SCV x2  
  70  5:07  Refinery  
  70  5:10  Supply Depot  
  73  5:16  SCV  
  73  5:17  SCV  
  73  5:20  Marauder  
  77  5:22  Marine  
  77  5:26  Marine  
  77  5:28  Missile Turret  
  78  5:30  Supply Depot  
  78  5:32  Combat Shields  
  78  5:39  SCV x2  
  78  5:42  Marauder  
  82  5:43  Marine  
  82  5:44  Marine  
  84  5:53  Barracks  
  84  6:00  Medivac  
  89  6:04  Barracks  
  89  6:05  Medivac, Barracks  
  89  6:09  Marauder, Marine x2  
  92  6:16  SCV x2  
  92  6:17  Supply Depot  
  94  6:20  Supply Depot  
  94  6:21  Terran Infantry Weapons Level 1  
  73  6:41  Marine x2  
  73  6:42  Marauder, Marine  
  70  6:50  SCV x2  
  69  7:03  Marauder  
  69  7:04  SCV  
  69  7:05  SCV  
  73  7:12  Barracks Tech Lab, Barracks Reactor  
  71  7:21  SCV  
  71  7:22  SCV  
  73  7:25  Barracks Tech Lab  
  73  7:33  SCV  
  73  7:34  Medivac x2, SCV  
  79  7:38  Marauder, Marine x2  
  79  7:39  Marauder  
  85  7:45  SCV  
  85  7:46  SCV, Bunker  
  87  7:53  Supply Depot x2  
  87  7:55  Concussive Shells  
  87  7:57  Marauder, Marine x3  
  92  7:59  Marine  
  92  8:00  SCV, Marauder x2  
  92  8:01  SCV  
  99  8:10  Liberator  
  95  8:13  SCV x2  
  95  8:14  Liberator  
  95  8:27  Marauder x3, Marine x4  
  107  8:36  SCV x2  
  68  8:57  SCV  
  68  8:58  SCV  
  68  9:18  Marine x4  
  58  9:51  Marauder, Marine x5  
  65  10:09  Marine  
  67  10:15  Missile Turret  
  63  10:26  Orbital Command  
  42  13:50  Orbital Command  
  41  14:34  Orbital Command  

Tags
 
Add a new tag
Caveats
  • Supply blocks, unpowered buildings, or Contaminate may cause inaccurate times.
  • Supply counts are checked every 10 seconds.